 Dungeon Crawl Stone Soup version 0.16-a0-2010-g98bc240 (webtiles) character file.

66121 thegroundistoosoft the Black Belt (level 14, -5/120 HPs)
             Began as a Mummy Monk on Nov 8, 2014.
             Slain by an orc
             ... wielding a +0 flail
              (10 damage)
             ... on level 1 of the Orcish Mines on Nov 10, 2014.
             The game lasted 03:12:47 (42170 turns).

thegroundistoosoft the Black Belt (Mummy Monk)     Turns: 42170, Time: 03:12:47

Health: -5/120     AC: 14    Str: 14    XL:     14   Next: 78%
Magic:  14/14      EV: 27    Int: 12    God:
Gold:   946        SH:  0    Dex: 21    Spells: 0 memorised, 13 levels left

rFire  x . .     SeeInvis .       - Unarmed
rCold  + . .     Clarity  .     (no armour)
rNeg   + + +     SustAb   .     (no shield)
rPois  +         Gourm    .     s - +2 helmet {Int+3}
rElec  .         Spirit   .     p - +2 cloak
rCorr  .         Warding  .     q - +2 pair of gloves {Dex+3}
rMut   .         Stasis   .     a - +2 pair of boots
MR     +....                    (no amulet)
Stlth  +++.......               L - +2 ring of protection
                                e - +5 ring of evasion

@: somewhat resistant to hostile enchantments, fairly stealthy
A: no food or potions, fire vulnerability, in touch with death, restore body,
cold resistance 1, negative energy resistance 3, poison resistance, torment
resistance, unbreathing
a: Self-Restoration


You were on level 1 of the Orcish Mines.
You were not hungry.

You visited 3 branches of the dungeon, and saw 22 of its levels.

You collected 1498 gold pieces.
You spent 552 gold pieces at shops.


Innate Abilities, Weirdness & Mutations

You do not eat or drink.
Your flesh is vulnerable to fire.
You are in touch with the powers of death.
You can restore your body by infusing magical energy.
Your flesh is cold resistant.
You are immune to negative energy.
Your system is resistant to poisons.
You are immune to unholy pain and torment.
You can survive without breathing.


   Skills:
 - Level 14.0 Fighting
 + Level 10.9 Dodging
 - Level 2.1 Stealth
 - Level 15.4 Unarmed Combat


You had 13 spell levels left.
You didn't know any spells.

Inventory:

Missiles
 j - 5 tomahawks of dispersal (quivered)
Armour
 a - a +2 pair of boots (worn)
 i - a +0 helmet of see invisible
 m - the cursed +1 pair of gloves of Juwk {+Blink rN+ Stlth++}
   (You found it on level 7 of the Dungeon)

   It protects you from negative energy.
   It lets you blink.
   It makes you much more stealthy.
   It has a curse placed upon it.
 p - a +2 cloak (worn)
 q - a +2 pair of gloves of dexterity (worn)
 s - a +2 helmet of intelligence (worn)
Jewellery
 e - a +5 ring of evasion (left hand)
 f - an uncursed ring of poison resistance
 n - an uncursed ring of flight
 L - a +2 ring of protection (right hand)
 P - an uncursed ring of fire
Scrolls
 b - 10 scrolls of remove curse
 c - 3 scrolls of immolation {!r}
 g - 2 scrolls of teleportation
 h - a scroll of fog
 k - 4 scrolls of magic mapping
 o - 5 scrolls of identify
 u - a scroll of enchant armour
 v - a scroll of vulnerability {!r}
Potions
 d - 2 potions of porridge
Comestibles
 l - 3 slices of pizza
 x - 37 fruits
 B - a royal jelly

Dungeon Overview and Level Annotations

Branches:
Dungeon (13/15)            Temple (0/1) D:4            Lair (8/8) D:9
 Shoals (0/5) Lair:6       Spider (0/5) Lair:5        Slime (0/6) Lair:6
    Orc (1/4) D:12
 Vaults: D:13-14

Altars:
Cheibriados
Dithmenos
Elyvilon
Okawaru
Qazlal
Sif Muna
Trog
Yredelemnul
Zin
Jiyva

Shops:
D:4 !   D:5 [   D:7 [   D:8 %?:([   D:12 (

Annotations:
D:2 exclusions: giant newt and 1 more exclusion, Terence
D:3 exclusion: moth of wrath
D:11 exclusion: ugly thing
D:12 SPHINX ON THE LOOSE SON, 1 exclusion
D:13 exclusion: 3 doors
Lair:3 don't die also gastronk is somewhere around also holy shit you're so fucked, exclusion: hydra, Gastronok
Lair:4 Nergalle
Lair:5 Snorg
Lair:6 exclusion: oklob plant

... ......
.......###.
.....#..... .
........... ..
...(..$...
#.#.##.oo$.....
.......ggoo.....#
..o.oooo@ooo.$.#
##....oooooo....#
......oooo.....
#......oo.....$
###............
#............
#.##....... #
##..... ...


You could see an orc sorcerer, 2 orc warriors, an orc priest, an orc wizard, 19
orcs, a hobgoblin and a goblin.


Message History

Throwing (i - inventory):
j - 8 tomahawks of dispersal (quivered)
Really target yourself?
You throw a tomahawk of dispersal. The tomahawk of dispersal misses you.
The orc completely misses you. The orc misses you.
The goblin completely misses you. The orc completely misses you.
The orc wizard closely misses you. The orc closely misses you.
The orc sorcerer completely misses you.
An orc comes into view. It is wielding a flail.
Throwing (i - inventory):
j - 7 tomahawks of dispersal (quivered)
Really target yourself?
You throw a tomahawk of dispersal.
The tomahawk of dispersal hits you but does no damage.
The orc wizard hits you but does no damage.
The hobgoblin completely misses you. The orc hits you but does no damage.
The orc completely misses you. The goblin completely misses you.
The orc misses you.
The orc priest's eyes start to glow.
The orc hits you but does no damage.
The orc sorcerer wildly gestures.
The orc sorcerer glows brightly for a moment.
The orc sorcerer closely misses you.
Throwing (i - inventory):
j - 6 tomahawks of dispersal (quivered)
Really target yourself?
You throw a tomahawk of dispersal.
The tomahawk of dispersal completely misses you.
The orc wizard completely misses you. The orc warrior misses you.
The hobgoblin barely misses you. The goblin completely misses you.
The orc completely misses you. The orc hits you but does no damage.
The orc hits you with a flail!
You die...

Action                   |  1- 3 |  4- 6 |  7- 9 | 10-12 | 13-15 || total
-------------------------+-------+-------+-------+-------+-------++-------
Melee: Unarmed           |   153 |   510 |   764 |  1813 |  1310 ||  4550
Throw: Tomahawk          |       |       |       |       |     3 ||     3
 Abil: Evoke Flight      |       |       |     1 |       |     1 ||     2
  Use: Scroll            |       |     5 |     5 |    22 |     7 ||    39
 Stab: Sleeping          |     6 |     4 |     7 |    15 |     2 ||    34
       Distracted        |       |     1 |     1 |     4 |     2 ||     8

Vault maps used:
D:1:      onia_arrival_handbag
D:2:      overflow_temple_1_default, minmay_misc_feat_tiny, uniq_terence,
          uniq_crazy_yiuf_cottage
D:3:      tgw_trog, yredelemnul_altar_generic, serial_glass, glass_columns_c,
          glass_columns_b, glass_columns_b, glass_columns_a, glass_columns_b,
          glass_columns_c
D:4:      minmay_temple_entry_nine_rooms, first_bread, serial_shops,
          nicolae_shop_waterfront, minmay_ogre_servants
D:5:      portal_sewer_entry_b, serial_shops, shop_statue, basic_altar,
          uniq_grinder
D:6:      lemuel_round_altar, guppyfry_early_elven_hall, uniq_blork_the_orc,
          uniq_eustachio
D:7:      elyvilon_altar_4, gammafunk_temple_overflow_elements, serial_shops,
          shop, the_bakery, lemuel_old_faithful
D:8:      serial_shops, shop, shop, nicolae_shop_temple_entry_statues_fountains,
          shop_statue, nicolae_shop_behind_doors, basic_altar
D:9:      erik_lair_island
D:12:     zombieorc1_lemuel, serial_shops, shop, kennysheep_island_fort
D:13:     grunt_vaults_entry_tiered
Lair:1:   lab_entry_generic, lemuel_fruit_tree
Lair:2:   serial_bayou_lake_a
Lair:3:   minmay_hedge_maze, nicolae_quartered_pool_medium,
          guppyfry_lair_drakes, infiniplex_staircase_pool, serial_bayou_shore_a,
          uniq_gastronok
Lair:4:   kennysheep_rathole, uniq_nergalle
Lair:5:   nicolae_spider_entry_orb_guardian, worms_lemuel, uniq_snorg
Lair:6:   elwin_shoals_entry_rooms, slime_altar_1, patterned_corridor
Lair:7:   beast_lair_carwin_large_2, grunt_forest_stairs_basic,
          grunt_forest_large_clearings
Lair:8:   minmay_lair_end_frog_pond, uniq_maud
Orc:1:    uniq_grum

Notes
Turn   | Place    | Note
--------------------------------------------------------------
     0 | D:1      | thegroundistoosoft, the Mummy Monk, began the quest for the Orb.
     0 | D:1      | Reached XP level 1. HP: 18/18 MP: 1/1
   246 | D:1      | Reached skill level 2 in Stealth
   258 | D:1      | Artagel: stealth 2
   258 | D:1      | Artagel: wat
   258 | D:1      | Artagel: :D
   258 | D:1      | thegroundistoosoft: whoops
   274 | D:1      | Reached XP level 2. HP: 16/24 MP: 2/2
   401 | D:1      | Artagel: time for UC stabban
   542 | D:1      | thegroundistoosoft: at least this D: 1 is crowded
  1300 | D:1      | Artagel: alert
  1412 | D:1      | Artagel: one does not simply do the jackals
  1427 | D:1      | Artagel: and live to tell the tale
  1562 | D:1      | thegroundistoosoft: violence
  1562 | D:1      | thegroundistoosoft: against all sorts of animals
  1625 | D:1      | Artagel: :O
  1857 | D:2      | Artagel: yeah take him up
  1857 | D:2      | Artagel: can we even handle them waking up
  1857 | D:2      | Artagel: :D
  1857 | D:2      | thegroundistoosoft: you don't just handle
  1857 | D:2      | thegroundistoosoft: the boreal giant newt
  1865 | D:1      | Reached skill level 4 in Unarmed Combat
  1865 | D:1      | Reached XP level 3. HP: 16/29 MP: 3/3
  2202 | D:2      | Noticed Terence
  2203 | D:2      | Artagel: 2terence
  2203 | D:2      | Artagel: 2furious
  2203 | D:2      | Artagel: >He looks dangerous
  2203 | D:2      | thegroundistoosoft: (Normal EV)
  2203 | D:2      | Artagel: ... :D
  2203 | D:2      | thegroundistoosoft: I guess because of his armor
  2203 | D:2      | thegroundistoosoft: but still
  2407 | D:2      | Found a deep blue altar of Sif Muna.
  2514 | D:2      | Artagel: can it be cloak heaven
  2516 | D:2      | Reached XP level 4. HP: 25/35 MP: 4/4
  2614 | D:2      | thegroundistoosoft: confirmed
  2917 | D:2      | Artagel: >you punch the worm and deal no damage
  2920 | D:2      | Artagel: the horror
  3048 | D:2      | thegroundistoosoft: silky smooth bandages
  3232 | D:3      | Noticed timbw's ghost (weakling HESu)
  3232 | D:3      | thegroundistoosoft: could it be
  3232 | D:3      | thegroundistoosoft: maybe we can scum him!
  3336 | D:3      | Artagel: the dream
  3346 | D:2      | Artagel: what the fuck
  3959 | D:2      | thegroundistoosoft: elves 2hard
  3961 | D:3      | thegroundistoosoft: I hope you realize
  3961 | D:3      | thegroundistoosoft: he probably has like 2 AC
  3961 | D:3      | Artagel: well yes
  3961 | D:3      | thegroundistoosoft: and barely 20 hps
  3961 | D:3      | thegroundistoosoft: still 2hard
  3966 | D:3      | Artagel: it's a weakling HESu after all
  3972 | D:3      | Artagel: :D
  4017 | D:3      | Found a basalt altar of Yredelemnul.
  4037 | D:3      | Artagel: I agree that early skill levels of UC can be a bit weird as primary weapon
  4080 | D:3      | Artagel: mr adder
  4281 | D:3      | thegroundistoosoft: jesus
  4281 | D:3      | Artagel: can you contain your fury
  4288 | D:3      | thegroundistoosoft: I like how in order to kill them reliably I have to be at max hp
  4288 | D:3      | thegroundistoosoft: and kite them to have a speed advantage
  4288 | D:3      | thegroundistoosoft: :D
  4293 | D:3      | Reached skill level 5 in Unarmed Combat
  4358 | D:3      | HP: 3/35 [quokka (5)]
  4359 | D:3      | thegroundistoosoft: good lord
  4359 | D:3      | Artagel: so
  4359 | D:3      | Artagel: how do we survive the fury of the quokka
  4359 | D:3      | Artagel: most dangerous animal
  4359 | D:3      | thegroundistoosoft: well they are fast
  4359 | D:3      | thegroundistoosoft: that's remarkably bad news
  4362 | D:3      | HP: 1/35 [orc/club (2)]
  4369 | D:3      | Artagel: the dream
  4369 | D:3      | thegroundistoosoft: hrm
  4369 | D:3      | thegroundistoosoft: do I punch
  4369 | D:3      | thegroundistoosoft: or I do I walk
  4369 | D:3      | Artagel: hard question tbh
  4369 | D:3      | thegroundistoosoft: the fist
  4369 | D:3      | Artagel: he's swinging
  4369 | D:3      | thegroundistoosoft: or the foot
  4369 | D:3      | Artagel: imo
  4369 | D:3      | thegroundistoosoft: let us fight another day then
  4369 | D:3      | Artagel: energy randomization might kill us anyway
  4369 | D:3      | thegroundistoosoft: ya
  4369 | D:3      | Artagel: but trusting 4uc to kill him
  4371 | D:3      | Artagel: is hard imo
  4374 | D:3      | thegroundistoosoft: !
  4374 | D:3      | thegroundistoosoft: hey it's 5uc!
  4382 | D:3      | Artagel: :D
  4390 | D:3      | Artagel: wow
  4392 | D:2      | Artagel: the dream is more alive
  4392 | D:2      | wrecked
  4673 | D:3      | thegroundistoosoft: oh wow
  4673 | D:3      | thegroundistoosoft: scmail
  4673 | D:3      | thegroundistoosoft: did well not to fist
  4880 | D:3      | Artagel: :D
  4901 | D:3      | Artagel: these token stones
  4902 | D:3      | Reached XP level 5. HP: 31/41 MP: 5/5
  4908 | D:3      | Artagel: doing proper work
  5005 | D:3      | Noticed a moth of wrath
  5006 | D:3      | thegroundistoosoft: oh snap
  5006 | D:3      | thegroundistoosoft: shit
  5006 | D:3      | thegroundistoosoft: can't dig without wands
  5006 | D:3      | thegroundistoosoft: okay no I'm changing that rule
  5006 | D:3      | thegroundistoosoft: from now on wands will be ID'd
  5006 | D:3      | Artagel: well can just use dig
  5006 | D:3      | Artagel: and disint
  5006 | D:3      | thegroundistoosoft: for vault-diggy purposes
  5006 | D:3      | thegroundistoosoft: ya
  5020 | D:3      | Found a bloodstained altar of Trog.
  5063 | D:3      | Artagel: the doubleworm tango
  5324 | D:3      | Artagel: is this real unlife
  5408 | D:3      | Artagel: is this just fantasy
  5408 | D:3      | Artagel: so the battle begins
  5408 | D:3      | thegroundistoosoft: not even yellow
  5746 | D:2      | Artagel: :DDDDDDDD
  5762 | D:2      | Artagel: the scummy mummy
  5762 | D:2      | thegroundistoosoft: soon
  5762 | D:2      | Artagel: will endure
  5958 | D:2      | thegroundistoosoft: I can't wait for the storm dragon
  5969 | D:3      | Artagel: come on fists
  5969 | D:3      | Artagel: channel the atatata
  5971 | D:3      | Killed timbw's ghost
  5972 | D:3      | Artagel: \o/
  5972 | D:3      | thegroundistoosoft: not even a level
  5972 | D:3      | thegroundistoosoft: :<
  5972 | D:3      | thegroundistoosoft: goddamn elves
  5975 | D:3      | Artagel: defeated that xl3 ghost like a sir
  6168 | D:3      | thegroundistoosoft: and then I beat the crap out of mangy jackals!
  6448 | D:4      | \o/
  6454 | D:4      | thegroundistoosoft: !!
  6533 | D:4      | Found Jytash's Distillery.
  6621 | D:4      | thegroundistoosoft: the flying lichmummy
  6722 | D:4      | Artagel: flying lichmummy gonna overwhelm everything
  6848 | D:4      | Noticed an ogre
  6849 | D:4      | thegroundistoosoft: wot
  6851 | D:4      | thegroundistoosoft: HEY
  6851 | D:4      | thegroundistoosoft: you're not a goblin
  6851 | D:4      | Artagel: whattttttttt
  7071 | D:4      | Reached XP level 6. HP: 43/47 MP: 6/6
  7076 | D:4      | Artagel: holy smokes, we're xl6
  7080 | D:4      | thegroundistoosoft: woat
  7080 | D:4      | Artagel: :OOOOOO
  7080 | D:4      | Artagel: that wizard is lifting
  7080 | D:4      | thegroundistoosoft: pls cast aside thine ire
  7080 | D:4      | thegroundistoosoft: mr wizard
  7310 | D:4      | Artagel: nope
  7310 | D:4      | thegroundistoosoft: HERE COMES TROUBLE
  7312 | D:3      | Artagel: double trouble
  7402 | D:4      | thegroundistoosoft: in truth
  7402 | D:4      | thegroundistoosoft: I am not in shape to face a hasted battleaxe
  7402 | D:4      | thegroundistoosoft: that can confuse me
  7455 | D:4      | Reached skill level 6 in Unarmed Combat
  7458 | D:4      | Artagel: level 6 uc
  7458 | D:4      | thegroundistoosoft: exp micromanaging
  7504 | D:4      | Artagel: surely our weapon is turning viable soon
  7651 | D:3      | thegroundistoosoft: o-of course
  7702 | D:4      | thegroundistoosoft: maximum tactical complexity
  7715 | D:4      | thegroundistoosoft: good fist
  7918 | D:4      | Artagel: staying safe
  7934 | D:4      | thegroundistoosoft: the time has come
  7934 | D:4      | thegroundistoosoft: to face D: 5
  7935 | D:5      | Entered Level 5 of the Dungeon
  7936 | D:5      | thegroundistoosoft: oh snap!
  7936 | D:5      | thegroundistoosoft: I'll be able to scum all sorts of things there!
  8003 | D:5      | Noticed Grinder
  8239 | D:5      | Found an iron altar of Okawaru.
  8251 | D:5      | thegroundistoosoft: wow
  8251 | D:5      | thegroundistoosoft: five base damage
  8251 | D:5      | thegroundistoosoft: I can kill that!
  8256 | D:5      | thegroundistoosoft: I can't kill that
  8379 | D:5      | Artagel: everything is so dangerous
  8390 | D:5      | Artagel: consistently so dangerous :D
  8390 | D:5      | Found Otoiffot's Armour Emporium.
  8398 | D:5      | Artagel: aux armor
  8398 | D:5      | thegroundistoosoft: !
  8398 | D:5      | Bought a +0 cloak for 49 gold pieces
  8420 | D:5      | Artagel: oh boy potion sewer
  8422 | D:5      | Reached skill level 4 in Fighting
  8579 | D:5      | Artagel: maximum alert
  8595 | D:5      | Artagel: !
  8595 | D:5      | thegroundistoosoft: that was grinder
  8595 | D:5      | Artagel: BEYOND MAXIMUM ALERT
  8595 | D:5      | thegroundistoosoft: wasnt it
  8595 | D:5      | Artagel: yes
  8595 | D:5      | Artagel: we're into defcon 1
  8595 | D:5      | thegroundistoosoft: dang
  8598 | D:5      | thegroundistoosoft: DENIED
  8768 | D:3      | Artagel: in theory this is probably the easiest yellow
  8774 | D:3      | Artagel: due to our mummy status
  8775 | D:3      | thegroundistoosoft: hrm
  8776 | D:3      | thegroundistoosoft: no
  8781 | D:3      | thegroundistoosoft: fuck
  8781 | D:3      | HP: 4/48 [ice beast (4)]
  8785 | D:3      | Artagel: welp
  8787 | D:3      | Artagel: wow
  8787 | D:3      | Artagel: we lived
  8787 | D:3      | thegroundistoosoft: gibbed
  9068 | D:3      | thegroundistoosoft: !!
  9068 | D:3      | thegroundistoosoft: blink 3stack
  9113 | D:3      | Artagel: that wizard though
  9113 | D:3      | Reached XP level 7. HP: 40/55 MP: 7/7
  9198 | D:4      | Artagel: dualwielding staff and battleaxe
  9225 | D:4      | thegroundistoosoft: !
  9232 | D:4      | Artagel: double reach vs the mummy
  9237 | D:3      | Artagel: nice
  9240 | D:3      | Reached skill level 5 in Fighting
  9320 | D:3      | Artagel: get rekt
  9479 | D:4      | thegroundistoosoft: UNSTOPPABLE FORCE
  9841 | D:5      | thegroundistoosoft: whoops
 10303 | D:5      | Artagel: I looked away for a second
 10372 | D:5      | Artagel: and saw 15hp vs iguana
 10393 | D:5      | thegroundistoosoft: HA HA HA HA
 10393 | D:5      | thegroundistoosoft: green sacks of exp
 10420 | D:5      | Reached skill level 3 in Dodging
 10551 | D:5      | thegroundistoosoft: holy crap
 10551 | D:5      | Artagel: wow
 10571 | D:5      | Artagel: a pair of gloves worthy of kenshiro
 10581 | D:5      | thegroundistoosoft: oh
 10581 | D:5      | thegroundistoosoft: :<
 10627 | D:5      | Reached skill level 4 in Dodging
 10669 | D:5      | Artagel: rip
 10796 | D:6      | thegroundistoosoft: time to go to town
 10796 | D:6      | thegroundistoosoft: I guess
 10808 | D:6      | Artagel: woah
 10808 | D:6      | thegroundistoosoft: inferior
 10808 | D:6      | Artagel: that went well
 10880 | D:6      | thegroundistoosoft: I'm surprised too
 10880 | D:6      | thegroundistoosoft: :D
 10930 | D:6      | Noticed a yak
 10930 | D:6      | Noticed a yak
 10930 | D:6      | Noticed a yak
 10930 | D:6      | Noticed a yak
 10930 | D:6      | Noticed a yak
 10930 | D:6      | Noticed a yak
 10931 | D:6      | thegroundistoosoft: uh I
 10931 | D:6      | Artagel: NOPE
 10931 | D:6      | thegroundistoosoft: no
 10931 | D:6      | thegroundistoosoft: thanks
 11033 | D:6      | thegroundistoosoft: did I mention to you a bug they got in trunk recently?
 11033 | D:6      | Artagel: the +127 rings?
 11033 | D:6      | thegroundistoosoft: where instead of muffling sounds
 11033 | D:6      | thegroundistoosoft: features would multiply it
 11033 | D:6      | thegroundistoosoft: :D
 11033 | D:6      | Artagel: ..oh
 11033 | D:6      | Artagel: :D
 11033 | D:6      | thegroundistoosoft: so shouting into a metal room was like casting supershatter
 11062 | D:6      | Artagel: gotta get gong with that
 11062 | D:6      | thegroundistoosoft: we're buff but not that buff
 11062 | D:6      | thegroundistoosoft: oh wow
 11062 | D:6      | thegroundistoosoft: 6: 10
 11062 | D:6      | thegroundistoosoft: yeah I think I'm tapping out
 11062 | D:6      | Artagel: very well
 11062 | D:6      | thegroundistoosoft: should have time for some more mumo: extreme edition tomorrow
 11093 | D:6      | Reached skill level 5 in Dodging
 11093 | D:6      | Reached XP level 8. HP: 47/63 MP: 8/8
 11221 | D:6      | Noticed Eustachio
 11275 | D:6      | Killed Eustachio
 11427 | D:6      | Noticed a deep elf fighter
 11495 | D:6      | Upgraded the game from 0.16-a0-1970-g0967df0 to 0.16-a0-2010-g98bc240
 11561 | D:6      | believe it or not that was a dance with death
 11584 | D:6      | Found a stormy altar of Qazlal.
 12027 | D:7      | please no
 12041 | D:7      | Reached skill level 7 in Unarmed Combat
 12419 | D:7      | oh snap son
 12514 | D:7      | Found a snail-covered altar of Cheibriados.
 12514 | D:7      | Found a glowing silver altar of Zin.
 12898 | D:7      | can i kill a bear
 12975 | D:7      | Found Shreol's Armour Shop.
 13047 | D:7      | Reached skill level 8 in Unarmed Combat
 13324 | D:7      | Found a white marble altar of Elyvilon.
 13331 | D:7      | Got a heavily runed ring mail
 13374 | D:7      | we got style son
 13389 | D:7      | Got a pair of fine gloves
 13530 | D:6      | Identified the +1 pair of gloves of Juwk {+Blink rN+ Stlth++} (You found it on level 7 of the Dungeon)
 13530 | D:6      | thegroundistoosoft: holy shit
 13751 | D:8      | Found Schamatso's Armour Shop.
 13809 | D:8      | Reached XP level 9. HP: 59/69 MP: 9/9
 13858 | D:8      | D:
 14276 | D:8      | Found Reigos' Book Emporium.
 14289 | D:8      | Reached skill level 6 in Dodging
 14308 | D:8      | Found Freefad's Magic Scroll Boutique.
 14338 | D:8      | Reached skill level 6 in Fighting
 14434 | D:8      | Found Ohaghag's Food Shop.
 14435 | D:8      | Noticed a two-headed ogre
 14607 | D:7      | Reached skill level 7 in Fighting
 14811 | D:4      | Found a staircase to the Ecumenical Temple.
 14938 | D:3      | you have no idea
 14939 | D:3      | how many ogres I've parked
 15009 | D:5      | Paralysed by Grinder for 3 turns
 15036 | D:5      | Killed Grinder
 15277 | D:7      | Reached skill level 8 in Fighting
 15323 | D:7      | Bought a +2 helmet of intelligence for 279 gold pieces
 15329 | D:7      | HELL
 15333 | D:7      | YEAH
 15459 | D:8      | !! thakw damage
 15501 | D:8      | get good
 15598 | D:8      | Found Pyd Ojei's Antique Weapon Emporium.
 15629 | D:8      | Found a shadowy altar of Dithmenos.
 16077 | D:9      | Reached skill level 9 in Unarmed Combat
 16258 | D:9      | Found a staircase to the Lair.
 16567 | D:9      | Reached XP level 10. HP: 73/80 MP: 10/10
 16578 | D:9      | NO, THANKS
 16969 | D:9      | my one weakness
 16993 | D:9      | Reached skill level 10 in Unarmed Combat
 17228 | D:9      | Artagel: the time has come
 17229 | D:9      | Artagel: for the end of bees
 17229 | D:9      | thegroundistoosoft: you missed the bees son
 17229 | D:9      | thegroundistoosoft: they're all dead already
 17437 | D:8      | Killed a two-headed ogre
 17604 | D:9      | Artagel: :D
 17771 | D:9      | please go
 17783 | D:9      | thegroundistoosoft: this seems not ideal somehow
 18222 | D:8      | Bought a scroll of enchant armour for 112 gold pieces
 18223 | D:8      | Artagel: the crutches
 18224 | D:8      | Artagel: 2powerful
 18225 | D:8      | thegroundistoosoft: damn dat AC
 18247 | D:8      | Artagel: *9* :O
 18449 | D:10     | Entered Level 10 of the Dungeon
 18536 | D:10     | Artagel: wut
 18536 | D:10     | SO
 18536 | D:10     | Artagel: more enchant
 18536 | D:10     | ARE WE ALLOWING SHIELDS
 18536 | D:10     | Artagel: NO
 18536 | D:10     | it was merely a test
 18536 | D:10     | Artagel: would Muhammed ali use a shield
 18536 | D:10     | thegroundistoosoft: prolly no
 18541 | D:10     | thegroundistoosoft: double digit AC
 18981 | D:10     | Reached skill level 11 in Unarmed Combat
 18991 | D:10     | thegroundistoosoft: AHA
 18991 | D:10     | Artagel: fire the fruits
 18991 | D:10     | thegroundistoosoft: I found out how to turn pears into bananas
 19100 | D:10     | Artagel: mummy jesus
 19203 | D:10     | pl8
 19234 | D:10     | Artagel: lmao1p8
 19235 | D:10     | pff
 19472 | D:10     | Artagel: helpless ogre
 19472 | D:10     | Artagel: into almost dead
 19472 | D:10     | Artagel: uc stabban :O
 19472 | D:10     | thegroundistoosoft: dat stealth doing the work
 19579 | D:11     | f-fof fags
 19579 | D:11     | *r
 19872 | D:11     | Artagel: our defenses actually held against a troll
 19882 | D:11     | Artagel: :O
 19882 | D:11     | thegroundistoosoft: son we packin'
 20018 | D:11     | Reached skill level 7 in Dodging
 20147 | D:11     | Noticed a red ugly thing
 20149 | D:11     | nope
 20619 | D:11     | thegroundistoosoft: quality
 20619 | D:11     | Artagel: You are frozen? :o
 20619 | D:11     | thegroundistoosoft: well I'm wearing firerink
 20619 | D:11     | thegroundistoosoft: since I'm not that smart a mummy
 20660 | D:11     | Artagel: ah yes
 20739 | D:11     | Artagel: >dynamically swapping rings
 20919 | D:11     | Artagel: it's almost like we condone heresy
 20924 | D:11     | Reached XP level 11. HP: 86/86 MP: 11/11
 21318 | D:12     | Got a pitted dagger
 21409 | D:12     | thanks
 21409 | D:12     | Artagel: yay
 21512 | D:12     | Reached skill level 8 in Dodging
 21524 | D:12     | Found a staircase to the Orcish Mines.
 21807 | D:12     | Noticed a sphinx
 21807 | D:12     | excuse me
 21814 | D:12     | Artagel: a sphinx eh
 21814 | D:12     | thegroundistoosoft: oh god
 21814 | D:12     | thegroundistoosoft: oh jesus no
 21814 | D:12     | Artagel: riddle me this
 21814 | D:12     | Artagel: how do you want to get cooked
 21814 | D:12     | Artagel: apparently you can get a d9 sphinx
 21814 | D:12     | thegroundistoosoft: that eases my suffering
 21814 | D:12     | Artagel: That sounds like fun for the whole family
 21942 | D:12     | no time to play m8
 22046 | Lair:1   | Entered Level 1 of the Lair of Beasts
 22047 | Lair:1   | Artagel: HARK
 22047 | Lair:1   | thegroundistoosoft: huh
 22047 | Lair:1   | thegroundistoosoft: there is literally
 22047 | Lair:1   | thegroundistoosoft: literally
 22047 | Lair:1   | thegroundistoosoft: no way
 22047 | Lair:1   | thegroundistoosoft: I can kill a minotaur
 22047 | Lair:1   | Artagel: HARK
 22047 | Lair:1   | thegroundistoosoft: yes but
 22047 | Lair:1   | Artagel: Surely 12~uc
 22047 | Lair:1   | Artagel: will beat the minotaur
 22047 | Lair:1   | Artagel: (:<)
 22062 | Lair:1   | thegroundistoosoft: fun fact
 22062 | Lair:1   | thegroundistoosoft: komodos hurt a lot
 22279 | Lair:1   | Artagel: hurray for fun frogs
 22450 | Lair:1   | Artagel: :|
 22450 | Lair:1   | Artagel: but the defenses
 22450 | Lair:1   | Artagel: THEY MUST HOLD
 22456 | Lair:1   | HP: 5/86 [spiny frog (18)]
 22460 | Lair:1   | Artagel: alert
 22461 | Lair:1   | Artagel: energy random almost rekt us
 22461 | Lair:1   | thegroundistoosoft: actually they are fast
 22461 | Lair:1   | thegroundistoosoft: much unlike my brain
 22461 | Lair:1   | Artagel: oh, 12 speed or?
 22461 | Lair:1   | thegroundistoosoft: ya
 22486 | Lair:1   | wee I'm running into the unknown
 22486 | Lair:1   | with 6 hps
 22695 | D:9      | Artagel: rip minotaur
 22869 | D:8      | Bought a scroll of enchant armour for 112 gold pieces
 22912 | D:9      | thegroundistoosoft: sacrifices were made
 22986 | Lair:1   | Artagel: good thing time is merely a social construct for our mummy
 23237 | Lair:1   | i did just walk into the frog
 23237 | Lair:1   | yes
 23681 | Lair:2   | Reached skill level 12 in Unarmed Combat
 24323 | Lair:2   | Reached skill level 9 in Fighting
 24648 | Lair:3   | Noticed Gastronok
 24649 | Lair:3   | thegroundistoosoft: but I just want the scroll
 24655 | Lair:3   | Artagel: nope
 24686 | Lair:3   | Artagel: Because he is ponderous
 24744 | Lair:3   | Noticed a five-headed hydra
 24805 | Lair:3   | Artagel: we reenter the dangerzone
 24809 | Lair:3   | hey
 24809 | Lair:3   | Artagel: where the mummy excels
 24850 | Lair:3   | Artagel: oO
 24850 | Lair:3   | thegroundistoosoft: thanks autotravel
 24850 | Lair:3   | thegroundistoosoft: for your tireless work
 24873 | Lair:3   | Artagel: so hm
 24873 | Lair:3   | Artagel: are we blinking away from a wolf
 24873 | Lair:3   | Artagel: because the ground remains far too soft
 24873 | Lair:3   | thegroundistoosoft: gotta get rid of
 24873 | Lair:3   | thegroundistoosoft: crutches
 24873 | Lair:3   | thegroundistoosoft: anyway
 24874 | Lair:3   | thegroundistoosoft: immune to what
 24874 | Lair:3   | thegroundistoosoft: my poor dazzle
 24874 | Lair:3   | thegroundistoosoft: what did they do to you
 24874 | Lair:3   | Artagel: rip dazzle
 24874 | Lair:3   | HP: 5/90 [wolf (6)]
 24877 | Lair:3   | Artagel: a... tele?
 24877 | Lair:3   | Artagel: brave.
 25293 | Lair:2   | thegroundistoosoft: well the blinks wouldn't get me far away enough
 25302 | Lair:3   | Reached skill level 10 in Fighting
 25315 | Lair:3   | Artagel: At least the mummy delivers on high octane gameplay
 25331 | Lair:3   | thegroundistoosoft: shit
 25334 | Lair:3   | Artagel: Oh true enough, just thought that blink->tele felt safer than tele->blink but might have been wrong
 25367 | Lair:3   | thegroundistoosoft: would you believe me if I told that
 25367 | Lair:3   | thegroundistoosoft: *told you that
 25367 | Lair:3   | thegroundistoosoft: didn't occur to me
 25536 | Lair:3   | Artagel: the mummy endured
 25624 | Lair:3   | Artagel: \o/
 25750 | Lair:3   | Artagel: 2enchanted
 25750 | Lair:3   | thegroundistoosoft: maximum AC capacity
 25795 | Lair:3   | Artagel: 12 is a big number anyway
 25856 | Lair:3   | Artagel: alert
 25856 | Lair:3   | thegroundistoosoft: well I'll be damned
 25856 | Lair:3   | Artagel: there's a snake here
 25856 | Lair:3   | thegroundistoosoft: man I'm gonna look like an idiot when that ring is +9 slay
 25857 | Lair:3   | Identified a scroll of acquirement
 25857 | Lair:3   | Artagel: :D
 25857 | Lair:3   | thegroundistoosoft: how generous
 25857 | Lair:3   | Artagel: time for randart slayan
 25857 | Lair:3   | Artagel: ? :D
 25860 | Lair:3   | thegroundistoosoft: well
 25860 | Lair:3   | thegroundistoosoft: none of this was the summoning
 25865 | Lair:3   | thegroundistoosoft: oh
 25865 | Lair:3   | Artagel: and then we just killed it
 25865 | Lair:3   | thegroundistoosoft: oh hey that's alright
 26113 | Lair:3   | thegroundistoosoft: thanks
 26115 | Lair:3   | Artagel: .. :D
 26115 | Lair:3   | thegroundistoosoft: man
 26128 | Lair:3   | Artagel: well it wasn't slayan
 26363 | Lair:3   | i think he knows
 26427 | Lair:3   | Artagel: oh not those assholes
 26703 | Lair:3   | Reached skill level 11 in Fighting
 26703 | Lair:3   | Reached XP level 12. HP: 65/100 MP: 12/12
 26921 | Lair:3   | thegroundistoosoft: gspirit
 26921 | Lair:3   | thegroundistoosoft: would a real man use that
 26921 | Lair:3   | Artagel: a real man would endure through purity of will
 26921 | Lair:3   | Artagel: without relying on puny trinkets to protect yourself from the rigors of the dungeon
 26921 | Lair:3   | Artagel: I find it a bit funny that this one guy has the initial feeling that he should be scumming d1 for ages
 26921 | Lair:3   | thegroundistoosoft: :D
 26991 | Lair:3   | thegroundistoosoft: actually you know what
 26991 | Lair:3   | thegroundistoosoft: I'm not paying a lot of attention now
 26991 | Lair:3   | Artagel: hm
 26991 | Lair:3   | thegroundistoosoft: so how about giving implo some peer pressure
 26991 | Lair:3   | thegroundistoosoft: instead
 26991 | Lair:3   | Artagel: the mumo might require pristine tactics to endure indeed
 26991 | Lair:3   | thegroundistoosoft: word
 26991 | Lair:3   | thegroundistoosoft: to the s-z then
 28084 | Lair:4   | Noticed Nergalle
 28743 | Lair:4   | Noticed a seven-headed hydra
 29146 | Lair:3   | Reached skill level 13 in Unarmed Combat
 29410 | Lair:5   | Noticed Snorg
 29891 | Lair:5   | thegroundistoosoft: \o/
 29891 | Lair:5   | moscheto: dick pls
 29891 | Lair:5   | moscheto: AC 14
 29891 | Lair:5   | moscheto: HACKS
 29891 | Lair:5   | thegroundistoosoft: TIME FOR EXTRA ARMOR
 29892 | Lair:5   | Got an ancient buckler
 29893 | Lair:5   | moscheto: Jewellery non?
 29893 | Lair:5   | moscheto: pffffffffffffffffff
 29893 | Lair:5   | thegroundistoosoft: aw
 29893 | Lair:5   | thegroundistoosoft: bucklers r forbidden too
 29893 | Lair:5   | thegroundistoosoft: sry mummyman
 29894 | Lair:5   | are you not a MAN
 29895 | Lair:5   | Identified the +1 buckler "Wajoabru" {Str+4 Dex+4} (You acquired it on level 5 of the Lair of Beasts)
 29897 | Lair:5   | ;_;
 30092 | Lair:5   | Found a hole to the Spider Nest.
 30709 | Lair:5   | moscheto: bb bby brb 40mins
 31195 | Lair:5   | Reached skill level 14 in Unarmed Combat
 31725 | Lair:6   | Reached XP level 13. HP: 93/106 MP: 13/13
 31859 | Lair:6   | Noticed a five-headed hydra
 31910 | Lair:6   | Found a viscous altar of Jiyva.
 31910 | Lair:6   | Found a staircase to the Slime Pits.
 32101 | Lair:6   | Found a staircase to the Shoals.
 32730 | Lair:7   | Got a crude hunting sling
 33185 | Lair:7   | Reached skill level 15 in Unarmed Combat
 34451 | Lair:6   | moscheto: woooo woooo
 34451 | Lair:6   | moscheto: vou ghanar unha 30/70 se isto sighe asi
 34451 | Lair:6   | thegroundistoosoft: loadsaimmortals
 34758 | Lair:7   | Reached skill level 12 in Fighting
 36116 | Lair:8   | Entered Level 8 of the Lair of Beasts
 36126 | Lair:8   | Reached skill level 13 in Fighting
 36355 | Lair:8   | Reached XP level 14. HP: 106/118 MP: 14/14
 36534 | Lair:8   | moscheto: EZ ARCANAS VG FANGAYS
 36694 | Lair:8   | Identified a +1 pair of boots of running (You found it on level 8 of the Lair of Beasts)
 36694 | Lair:8   | moscheto: +1 pair of boots of running
 36694 | Lair:8   | moscheto: well GG
 36694 | Lair:8   | thegroundistoosoft: hora de cambiar as normas
 36694 | Lair:8   | thegroundistoosoft: going over speed limit verboten
 36785 | Lair:8   | moscheto: tirachelas?
 36785 | Lair:8   | thegroundistoosoft: ofc
 36785 | Lair:8   | thegroundistoosoft: 2manly
 36785 | Lair:8   | moscheto: SO MANLY
 36785 | Lair:8   | thegroundistoosoft: 4sanics
 37208 | Lair:8   | moscheto: WTF
 37229 | Lair:8   | moscheto: por que lle tiras piza
 37365 | Lair:8   | thegroundistoosoft: 2contemptuous
 37365 | Lair:8   | thegroundistoosoft: 4stones
 37386 | Lair:8   | Reached skill level 14 in Fighting
 37504 | Lair:8   | HP: 11/120 [electric eel/bolt of electricity (8)]
 37506 | Lair:8   | minor miscalculation
 37621 | Lair:8   | moscheto: welp
 37661 | Lair:8   | HP: 10/120 [blink frog (17)]
 37738 | Lair:7   | GET
 37738 | Lair:7   | GOOD
 38061 | Lair:7   | moscheto: corner yak
 38091 | Lair:7   | thegroundistoosoft: 2expert
 39043 | Lair:8   | thegroundistoosoft: HA HA
 39043 | Lair:8   | thegroundistoosoft: TIME FOR BLING
 39049 | Lair:8   | verboten
 39070 | Lair:8   | Reached skill level 9 in Dodging
 39388 | Lair:8   | moscheto: >wands
 39513 | Lair:8   | thegroundistoosoft: 5got
 39744 | Lair:8   | Got a twisted rapier
 39776 | Lair:8   | moscheto: JEWELLERY
 39777 | Lair:8   | Got a steaming golden ring
 39778 | Lair:8   | thegroundistoosoft: ohsnap
 39779 | Lair:8   | Identified the ring "Pneihuil" {Int+4 SInv} (You acquired it on level 8 of the Lair of Beasts)
 39783 | Lair:8   | thegroundistoosoft: please go
 39783 | Lair:8   | moscheto: pfffffffffffffffffffffff
 39783 | Lair:8   | thegroundistoosoft: and stay go
 39830 | Lair:8   | Noticed Maud
 39885 | Lair:8   | Killed Maud
 40383 | D:9      | #rekt
 40472 | D:12     | Reached skill level 10 in Dodging
 40606 | D:12     | Noticed a hill giant
 40622 | D:12     | Killed a hill giant
 40691 | D:12     | thegroundistoosoft: https://www.youtube.com/watch?v=jy-3RzmF_NU
 40691 | D:12     | thegroundistoosoft: mumo ost
 40780 | D:12     | Found Kuacugg's Weapon Emporium.
 40916 | D:12     | Killed a sphinx
 40917 | D:12     | THE PURITY
 40917 | D:12     | OF UNARMED COMBAT
 40973 | D:12     | Noticed a five-headed hydra
 41174 | D:12     | moscheto: i honestly cant tell the difference
 41174 | D:12     | moscheto: lol
 41313 | D:12     | pls stop bully
 41600 | D:13     | :D
 42155 | Orc:1    | Entered Level 1 of the Orcish Mines
 42160 | Orc:1    | Paralysed by an orc sorcerer for 7 turns
 42164 | Orc:1    | HP: 5/120 [orc warrior/dire flail (17)]
 42168 | Orc:1    | thegroundistoosoft: fffff
 42168 | Orc:1    | thegroundistoosoft: confundín ó sorc cun hobgoblin
 42168 | Orc:1    | thegroundistoosoft: god fucking damnit
 42170 | Orc:1    | Slain by an orc

Vanquished Creatures
  A sphinx (D:12)
  Maud (Lair:8)
  A centaur warrior (D:13)
  9 death yaks
  2 hill giants
  An orb spider (Lair:5)
  A cyclops (D:12)
  3 griffons
  11 black mambas
  A siren (Lair:6)
  15 elephants
  3 fire drakes
  A gargoyle (D:13)
  28 spiny frogs
  11 komodo dragons
  5 trolls
  31 blink frogs
  A fire vortex (Lair:7)
  Grinder (D:5)
  3 polar bears
  A wandering mushroom (Lair:8)
  A two-headed ogre (D:8)
  A giant leech (Lair:8)
  A spriggan (D:7)
  3 basilisks
  A wraith (D:13)
  2 shadows
  3 wyverns
  3 deep elf magi
  3 hungry ghosts
  15 yaks
  Eustachio (D:6)
  4 humans (D:13)
  7 vampire mosquitoes (Lair:8)
  11 hippogriffs
  A steam dragon (Lair:2)
  9 swamp worms (Lair:5)
  2 soldier ants
  15 wolves
  14 porcupines
  22 water moccasins
  8 orc warriors
  3 yellow wasps
  2 necrophages (D:10)
  5 sky beasts
  2 centaurs
  3 black bears
  3 ice beasts
  An eye of draining (D:12)
  15 crocodiles
  4 ogres
  2 phantoms (D:12)
  3 boring beetles
  25 giant frogs
  2 big kobolds
  A brain worm (D:11)
  6 scorpions
  5 killer bees (D:9)
  9 electric eels
  A giant frog zombie (D:7)
  5 crimson imps
  4 goliath beetles
  4 orc priests
  8 jellies
  A kobold zombie (D:11)
  14 orc wizards
  A centaur skeleton (D:4)
  20 hounds
  9 iguanas
  An elf skeleton (D:10)
  2 orange rats (Lair:4)
  10 worker ants
  9 sheep
  7 ogre zombies
  A mottled dragon skeleton (D:10)
  2 hound skeletons
  The ghost of timbw the Caller, a weakling HESu (D:3)
  A mummy (D:10)
  30 adders
  11 gnolls
  70 green rats
  5 shadow imps
  3 giant mites
  19 worms
  An iguana zombie (D:5)
  An ooze (D:2)
  71 orcs
  21 bats
  A bat skeleton (D:4)
  5 giant cockroaches
  23 hobgoblins
  14 jackals
  14 quokkas
  4 ball pythons
  3 giant geckos
  6 giant newts
  28 goblins
  2 goblin skeletons (D:12)
  2 goblin zombies (D:12)
  A hobgoblin skeleton (D:12)
  2 hobgoblin zombies (D:12)
  21 kobolds
  5 orc skeletons
  10 orc zombies (D:12)
  3 quokka skeletons
  30 rats
  A rat skeleton (D:6)
  A rat zombie (D:7)
  9 ballistomycetes (D:12)
  A fungus (Lair:7)
  A plant (Lair:5)
869 creatures vanquished.

Vanquished Creatures (others)
  An adder (D:11)
  A shadow imp (D:12)
  3 orcs
  A giant cockroach (D:7)
  2 goblins (Orc:1)
  2 giant spores (D:12)
  A quokka (D:7)
  A bush (Lair:8)
  10 fungi
  17 plants
39 creatures vanquished.

Grand Total: 908 creatures vanquished
